 Dungeon Crawl Stone Soup version 0.29-a0-296-gda187f2e07 (webtiles) character file.

Game seed: 8338952495909096097

568 Dabor the Shield-Bearer (level 7, 0/68 HPs)
             Began as a Troll Fighter on Mar 19, 2022.
             Succumbed to Edmund's poison
             ... on level 4 of the Dungeon.
             The game lasted 00:06:06 (3166 turns).

Dabor the Shield-Bearer (Troll Fighter)             Turns: 3166, Time: 00:06:06

Health: 0/68       AC:  4    Str: 27      XL:     7   Next: 11%
Magic:  15/15      EV:  8    Int:  3 (4)  God:
Gold:   161        SH:  7    Dex:  6 (9)  Spells: 6/6 levels left

rFire   . . .      SeeInvis .   a - +0 flail
rCold   . . .      Faith    .   c - +0 kite shield
rNeg    . . .      Spirit   .   b - +0 robe
rPois   .          Reflect  .   (helmet restricted)
rElec   .          Harm     .   (no cloak)
rCorr   .          Rampage  .   (gloves unavailable)
Will    +....                   (boots unavailable)
Stlth   +.........              n - amulet of magic regeneration
HPRegen 1.01/turn               h - ring of magical power
MPRegen 0.54/turn               (no ring)

@: lethally poisoned (0 -> -12), unable to read
A: large, unfitting armour, claws 3, regeneration 1, shaggy fur 1, tough skin 1,
strong-willed 1, inability to read while threatened
a: no special abilities


You were on level 4 of the Dungeon.
You visited 1 branch of the dungeon, and saw 4 of its levels.

You collected 161 gold pieces.

Inventory:

Hand Weapons
 a - a +0 flail (weapon)
Missiles
 d - 4 poisoned darts (quivered)
Armour
 b - a +0 robe (worn)
 c - a +0 kite shield (worn)
Jewellery
 h - a ring of magical power (left claw)
 n - an amulet of magic regeneration (around neck)
Wands
 p - a wand of acid (12)
Scrolls
 e - a scroll of magic mapping
 f - a scroll of vulnerability
 g - a scroll of enchant armour
 i - 2 scrolls of teleportation
 m - a scroll of fear {unknown}
 q - a scroll of immolation {unknown}


   Skills:
 + Level 3.8 Fighting
 + Level 3.6 Maces & Flails
 + Level 1.2 Throwing
 + Level 1.2 Armour
 + Level 3.8 Dodging
 + Level 3.8 Shields


You had 6 spell levels left.
You didn't know any spells.
Your spell library contained the following spells:

 Spells                   Type           Power      Damage    Failure   Level
 Corpse Rot               Necr/Air       0%         N/A       91%         2
 Poisonous Vapours        Pois/Air       0%         N/A       91%         2
 Dazzling Flash           Conj/Hex       0%         N/A       99%         3
 Iskenderun's Mystic Bla  Conj/Tloc      0%         2d3       100%        4
 Starburst                Conj/Fire      0%         6d3       100%        6


Dungeon Overview and Level Annotations

Branches:
Dungeon (4/15)
 Temple: D:4-7

Altars:
Vehumet

Shops:
D:1 [=(=

Annotations:
D:4 Edmund


Innate Abilities, Weirdness & Mutations

You are too large for most types of armour.
You have claws for hands.
Your natural rate of healing is unusually fast.
You are covered in fur. (AC +1)
You have tough skin. (AC +1)
You are strong-willed. (Will+)
You sometimes lose the ability to read scrolls when taking damage.


Message History

Edmund is moderately wounded.
You feel extremely sick. You block Edmund's attack.
Edmund is nearby!
You thump Edmund!
Edmund is heavily wounded.
You feel very sick.
Edmund hits you with a +3 flail of venom.
You feel threatened and lose the ability to read scrolls!
You are more poisoned.
Edmund is nearby!
You are too injured to fight recklessly!
Edmund is nearby!
You are too injured to fight recklessly!
Edmund is nearby!
You are too injured to fight recklessly!
Edmund is nearby!
You are too injured to fight recklessly!
Edmund is nearby!
It was a potion of cancellation.
You feel magically purged.
You feel extremely sick. You block Edmund's attack.
You barely miss Edmund.
Edmund is heavily wounded.
* * * LOW HITPOINT WARNING * * *
You feel extremely sick. You block Edmund's attack. Edmund barely misses you.
You cannot read scrolls in your current state!
You barely miss Edmund.
Edmund is heavily wounded.
You can read scrolls again.
* * * LOW HITPOINT WARNING * * *
You feel very sick.
Edmund hits you with a +3 flail of venom.
You feel threatened and lose the ability to read scrolls!
* * * LOW HITPOINT WARNING * * *
You are more poisoned.
You barely miss Edmund.
Edmund is heavily wounded.
You die...

#........>##
#.......
##......#..#
#..#####
#.^....##.##
#### ##
##.....##..#
#####.
#.....###.##
#.....
##....
#..#######.
....#..
#....
##.........
.......
#....
##...####.
.......
#.@###
....... #@##
....... #.
....... #.
....... ..
.# #. ##


You could see Edmund.

Vanquished Creatures
  Grinder (D:3)
  A scorpion (D:4)
  A hound (D:4)
  An orc priest (D:4)
  An orc wizard (D:4)
  Robin (D:4)
  6 adders
  3 gnolls (D:4)
  An ufetubus (D:4)
  3 worms
  4 dart slugs
  9 orcs
  3 ball pythons
  7 bats
  4 endoplasms
  5 giant cockroaches
  16 goblins
  13 hobgoblins
  4 jackals (D:3)
  8 quokkas
  4 frilled lizards
  6 kobolds
  6 rats
108 creatures vanquished.

Vanquished Creatures (others)
  5 demonic plants (D:3)
  4 fungi (D:3)
  7 plants (D:3)
16 creatures vanquished.

Grand Total: 124 creatures vanquished

Notes
Turn   | Place    | Note
-------+----------+-------------------------------------------
     0 | D:1      | Dabor the Troll Fighter began the quest for the Orb.
     0 | D:1      | Reached XP level 1. HP: 22/22 MP: 0/0
   104 | D:1      | Found Zoabrilak's Armour Emporium.
   131 | D:1      | Reached XP level 2. HP: 28/29 MP: 1/1
   190 | D:1      | Found Acyjau's Jewellery Shoppe.
   200 | D:1      | Found Ceastut's Weapon Shop.
   279 | D:1      | Found Syoq's Jewellery Shoppe.
   667 | D:2      | Reached XP level 3. HP: 28/36 MP: 2/2
  1247 | D:2      | Reached XP level 4. HP: 44/44 MP: 3/3
  1681 | D:3      | Found a faded altar of an unknown god.
  2159 | D:3      | Prayed at the altar of an unknown god.
  2159 | D:3      | Became a worshipper of Vehumet
  2159 | D:3      | Reached * piety under Vehumet
  2159 | D:3      | Offered knowledge of Magic Dart by Vehumet.
  2160 | D:3      | Fell from the grace of Vehumet
  2225 | D:4      | Reached XP level 5. HP: 20/53 MP: 4/4
  2447 | D:4      | Reached XP level 6. HP: 39/61 MP: 5/5
  2483 | D:4      | Noticed Grinder
  2501 | D:4      | Paralysed by Grinder for 6 turns
  2518 | D:3      | Gained mutation: You have hidden genetic defects. [potion
                  | of mutation]
  2518 | D:3      | Gained mutation: You are agile. (Dex +2) [potion of
                  | mutation]
  2518 | D:3      | Gained mutation: You are strong-willed. (Will+) [potion of
                  | mutation]
  2518 | D:3      | HP: 3/61 [Grinder (4)]
  2680 | D:3      | Paralysed by Grinder for 3 turns
  2712 | D:3      | Killed Grinder
  2713 | D:3      | Reached skill level 1 in Throwing
  2723 | D:3      | Gained mutation: You sometimes lose the ability to read
                  | scrolls when taking damage. [hidden defects]
  2832 | D:4      | Reached skill level 1 in Armour
  2857 | D:4      | Reached XP level 7. HP: 66/68 MP: 6/6
  2869 | D:4      | Lost mutation: You are agile. (Dex +2) [hidden defects]
  2869 | D:4      | Lost mutation: You have hidden genetic defects. [hidden
                  | defects expressed]
  2953 | D:4      | Noticed Robin
  2960 | D:4      | Killed Robin
  3156 | D:4      | Noticed Edmund
  3166 | D:4      | Succumbed to Edmund's poison

Illustrated notes

Levels and vault maps discovered:
D:1:      lemuel_arrival_river_ford, layout_rooms, serial_shops, shop, shop,
          shop, nicolae_shop_statue_plus
D:2:      layout_basic, minmay_indecisive_spiral
D:3:      layout_basic, shapermc_ecumenical_altar_gd
D:4:      layout_cave_pods, uniq_grinder, uniq_robin, uniq_edmund

Skill      XL: |  1  2  3  4  5  6 |
---------------+-------------------+-----
Maces & Flails | 2 3 |  3.6
Fighting       | 3 |  3.8
Dodging        | 3 |  3.8
Shields        | 3 |  3.8
Throwing       | 1 |  1.2
Armour         | 1 |  1.2

Action                   |  1- 3 |  4- 6 |  7- 9 || total
-------------------------+-------+-------+-------++-------
Melee: Flail             |   140 |   199 |    66 ||   405
Throw: Dart              |       |     5 |       ||     5
Invok: Renounce Religion |       |     1 |       ||     1
  Use: Potion            |       |     7 |     2 ||     9
       Scroll            |       |     6 |       ||     6
 Stab: Sleeping          |       |     1 |       ||     1
Armor: Robe              |    71 |    67 |    11 ||   149
       Skin              |       |    27 |       ||    27
Dodge: Dodged            |    75 |   106 |    20 ||   201
Block: Kite shield       |    54 |   101 |    34 ||   189

Table legend: (Time is in decaauts)
 A = Elapsed time spent in this place.
 B = Non-inter-level travel time spent in this place.
 C = Inter-level travel time spent in this place.
 D = Time resting spent in this place.
 E = Time spent auto-exploring this place.
 F = Levels seen in this place.
 G = Mean time per level.
                   A        B        C        D        E       F      G
               +--------+--------+--------+--------+--------+-----+--------+
         Total |   3312 |   3230 |     82 |    176 |   2042 |   4 |  828.0 |
       Dungeon |   3312 |   3230 |     82 |    176 |   2042 |   4 |  828.0 |
               +--------+--------+--------+--------+--------+-----+--------+

Top non-repeatable levels by time:
     D:2: 1112 daAuts
     D:4: 820 daAuts
     D:3: 803 daAuts
     D:1: 577 daAuts
